 Dungeon Crawl Stone Soup version 0.16.1-11-g651b585 (webtiles) character file.

9420 in250t the Spear-Bearer (level 11, -6/92 HPs)
             Began as a Hill Orc Wizard on Apr 2, 2015.
             Was an Initiate of Sif Muna.
             Killed by divine providence
             ... invoked by an orc priest
              (10 damage)
             ... on level 2 of the Orcish Mines.
             The game lasted 01:20:13 (19664 turns).

in250t the Spear-Bearer (Hill Orc Wizard)          Turns: 19664, Time: 01:20:15

Health: -6/92      AC:  8    Str: 11    XL:     11   Next: 46%
Magic:  14/22      EV: 12    Int: 25    God:    Sif Muna [......]
Gold:   826        SH:  4    Dex:  9    Spells: 5 memorised, 7 levels left

rFire  . . .     SeeInvis .     C - +0 trident (freeze)
rCold  + . .     Clarity  .     S - +2 robe {rN+}
rNeg   + . .     SustAb   .     P - +0 buckler
rPois  .         Gourm    +     r - -1 helmet
rElec  .         Spirit   .     U - +0 cloak
rCorr  .         Warding  .     q - +0 pair of gloves of the Serpent {rF+ MR- Int+4}
rMut   .         Stasis   .     A - +1 pair of boots
MR     .....                    E - amulet of the gourmand (curse)
Stlth  ++........               (no ring)
                                y - ring of ice

@: very slightly contaminated, not resistant to hostile enchantments, unstealthy
A: hooves 1, breathe flames 1
a: Renounce Religion, Convert to Beogh, Breathe Fire


You were on level 2 of the Orcish Mines.
You worshipped Sif Muna.
Sif Muna was noncommittal.
You were very hungry.

You visited 3 branches of the dungeon, and saw 14 of its levels.
You also visited: Ossuary and Ice Cave.

You collected 826 gold pieces.

Inventory:

Hand weapons
 e - a cursed +3 dagger of protection
 g - a cursed +0 dagger
 C - a +0 trident of freezing (weapon)
 D - a +0 spear
Armour
 q - the +0 pair of gloves of the Serpent (worn) {rF+ MR- Int+4}
   (You found it on level 5 of the Dungeon)

   It affects your intelligence (+4).
   It protects you from fire.
   It affects your resistance to hostile enchantments.
 r - a -1 helmet (worn)
 A - a +1 pair of boots (worn)
 P - a +0 buckler (worn)
 S - a +2 robe of positive energy (worn)
 U - a +0 cloak (worn)
 X - a troll hide
Magical staves
 s - an uncursed staff of fire
Jewellery
 o - an uncursed amulet of guardian spirit
 y - a ring of ice (left hand)
 E - a cursed amulet of the gourmand (around neck)
 R - an uncursed amulet of inaccuracy
Magical devices
 x - a wand of polymorph (0)
 F - a wand of frost (16)
 M - a wand of invisibility (2)
 O - a wand of slowing (21)
 Q - a wand of digging (8)
 V - a wand of digging (11)
Scrolls
 f - 16 scrolls of identify
 i - 4 scrolls of enchant weapon
 v - a scroll of remove curse
 B - a scroll of recharging {unknown}
 K - a scroll of teleportation
 L - a scroll of blinking
Potions
 h - a potion of flight
 j - a potion of cancellation
 l - a potion of magic
 m - 2 potions of restore abilities
 p - a potion of brilliance
 u - a potion of mutation {unknown}
 w - 2 potions of agility {unknown}
 z - 7 potions of curing
 G - a potion of lignification {unknown}
 H - 5 potions of haste {unknown}
 T - 2 potions of berserk rage {unknown}
Books
 c - a book of Minor Magic

   Spells                             Type                      Level
   a - Magic Dart                     Conjuration                  1
   b - Blink                          Translocation                2
   c - Call Imp                       Summoning                    2
   d - Repel Missiles                 Charms/Air                   2
   e - Slow                           Hexes                        2
   f - Conjure Flame                  Conjuration/Fire             3
   g - Mephitic Cloud                 Conjuration/Poison/Air       3
Comestibles
 b - a royal jelly
 d - 5 meat rations
 n - 8 bread rations
 J - 2 beef jerkies


   Skills:
 - Level 7.3 Fighting
 - Level 14.0 Polearms
 - Level 2.7 Armour
 - Level 1.5 Dodging
 - Level 1.5 Stealth
 - Level 5.0 Shields
 + Level 4.3 Spellcasting
 - Level 6.3 Conjurations
   Level 1.0 Summonings
 - Level 0.7 Translocations


You had 7 spell levels left.
You knew the following spells:

 Your Spells              Type           Power        Failure   Level  Hunger
a - Magic Dart            Conj           ####         1%          1    None
b - Mephitic Cloud        Conj/Pois/Air  ###.....     12%         3    ##.....
c - Conjure Flame         Conj/Fire      ##......     10%         3    ##.....
d - Blink                 Tloc           N/A          12%         2    None
e - Repel Missiles        Chrm/Air       #.....       14%         2    None


Dungeon Overview and Level Annotations

Branches:
Dungeon (10/15)            Temple (1/1) D:4            Lair (0/8) D:9
    Orc (3/4) D:9             Elf (0/3) Orc:3

Altars:
Ashenzari
Cheibriados
Dithmenos
Elyvilon
Fedhas
Gozag
Kikubaaqudgha
Makhleb
Nemelex Xobeh
Okawaru
Qazlal
Ru
Sif Muna
Trog
Vehumet
Xom
Yredelemnul
Zin
The Shining One
Beogh

Shops:
Orc:3 !?

Annotations:
Orc:2 Joseph


Innate Abilities, Weirdness & Mutations

You have large cloven feet.
You can breathe flames.


Message History

* * * LOW HITPOINT WARNING * * *
There is a collapsed entrance here.
Casting: Blink
Confirm with . or Enter, or press ? or * to list all spells.
Okay, then.
Unknown command.
Read which item? (? for menu, Esc to quit)
Blink to where?
Press: ? - help, Dir - move target cursor You are very lightly contaminated with residual magic.
As you read the scroll of blinking, it crumbles to dust.
There is a stone staircase leading up here.
You climb upwards.
The orc shouts!
The orc priest shouts!
The orc shouts!
The orc shouts!
The orc shouts! 9 orcs, 2 orc priests and Joseph come into view.
The orc shouts! x7
The orc priest mumbles some strange prayers to Beogh against you.
Something smites you!
You die...

# #####
.#.#..#o.o##.#.##
.....@.o@oo.....#
.....$.o.......##
.o...o.o...o#.#
......o....#...
...o...........
.......#.....
.#ooo......
###.....o ...


You could see Joseph, 3 orc priests and 13 orcs.

Vanquished Creatures
  The ghost of Thomus the Cleaver, a powerful HOFi of Okawaru (D:10)
  Erolcha (D:8)
  An ice statue (IceCv)
  Pikel (D:3)
  The ghost of Yermak the Skirmisher, an experienced CeAs of Okawaru (D:7)
  A komodo dragon (D:9)
  A troll (D:9)
  An orc warrior (D:4)
  Grinder (D:6)
  Prince Ribbit (D:8)
  A trapdoor spider (D:10)
  A deep elf mage (D:9)
  4 yaks (D:9)
  Eustachio (D:9)
  A hungry ghost (D:7)
  A steam dragon (D:9)
  A water moccasin (D:7)
  17 ice beasts
  A black bear (D:9)
  2 ogres
  An eye of draining (D:10)
  2 centaurs
  A phantom (D:10)
  4 big kobolds
  2 giant frogs
  A crocodile (D:10)
  A wyvern zombie (D:9)
  2 jellies (D:10)
  7 scorpions
  3 killer bees (D:9)
  3 wights (D:7)
  An electric eel (D:7)
  2 goliath beetles
  A centaur zombie (D:5)
  A giant frog zombie (D:10)
  4 crimson imps
  3 centaur skeletons
  2 giant frog skeletons
  5 hounds
  8 iguanas
  6 orc priests
  13 orc wizards
  5 worker ants
  A big kobold zombie (Ossuary)
  Ijyb (D:6)
  A hound skeleton (D:10)
  8 mummies (Ossuary)
  Robin (D:3)
  4 gnolls
  11 adders
  A giant mite (D:5)
  4 white imps (IceCv)
  3 worms
  A shadow imp (D:5)
  6 ufetubi (IceCv)
  2 adder skeletons
  An ooze (D:2)
  50 orcs
  A ball python (D:3)
  17 bats
  2 bat zombies
  5 giant cockroaches
  20 goblins
  17 hobgoblins
  5 jackals (D:3)
  4 quokkas
  5 giant geckos
  2 giant gecko skeletons
  5 giant newts
  2 giant spores
  3 gnoll zombies (Ossuary)
  2 hobgoblin zombies (Ossuary)
  39 kobolds
  A kobold zombie (Ossuary)
  An orc zombie (Ossuary)
  2 quokka skeletons
  21 rats
  4 ballistomycetes
371 creatures vanquished.

Vanquished Creatures (others)
  3 slaves (D:4)
  A white imp (IceCv)
  4 ufetubi (IceCv)
  2 orcs (D:4)
10 creatures vanquished.

Grand Total: 381 creatures vanquished

Notes
Turn   | Place    | Note
--------------------------------------------------------------
     0 | D:1      | in250t, the Hill Orc Wizard, began the quest for the Orb.
     0 | D:1      | Reached XP level 1. HP: 14/14 MP: 3/3
   457 | D:1      | Reached XP level 2. HP: 15/20 MP: 0/5
  1276 | D:2      | Reached skill level 3 in Conjurations
  1276 | D:2      | Reached XP level 3. HP: 26/26 MP: 0/6
  1356 | D:2      | Learned a level 3 spell: Mephitic Cloud
  1923 | D:2      | Reached XP level 4. HP: 17/33 MP: 0/8
  2351 | D:3      | Reached skill level 4 in Conjurations
  2368 | D:3      | Noticed Robin
  3215 | D:3      | Killed Robin
  3215 | D:3      | Reached XP level 5. HP: 19/38 MP: 4/9
  3277 | D:3      | Found a bloodstained altar of Trog.
  3904 | D:4      | Reached skill level 5 in Conjurations
  4015 | D:4      | Reached XP level 6. HP: 29/45 MP: 2/11
  4101 | D:4      | Found a staircase to the Ecumenical Temple.
  4112 | Temple   | Entered the Ecumenical Temple
  4355 | D:4      | Reached skill level 6 in Conjurations
  4574 | D:4      | Learned a level 3 spell: Conjure Flame
  4577 | D:4      | Learned a level 2 spell: Blink
  4863 | D:4      | Reached skill level 1 in Polearms
  5342 | D:4      | Found an iron altar of Okawaru.
  5535 | D:4      | Noticed Pikel
  5536 | D:4      | Noticed a slave
  5550 | D:4      | Noticed a slave
  5552 | D:4      | Noticed a slave
  5553 | D:4      | Noticed a slave
  5715 | D:4      | Noticed an orc warrior
  6116 | D:3      | HP: 1/45 [Pikel/whip of flaming (3)]
  6124 | D:3      | Killed Pikel
  6124 | D:3      | Reached XP level 7. HP: 11/50 MP: 3/12
  6124 | D:3      | Reached XP level 8. HP: 12/57 MP: 3/14
  6241 | D:4      | Killed a freed slave
  6247 | D:4      | Killed a freed slave
  6248 | D:4      | Killed a freed slave
  6476 | D:4      | Killed an orc warrior
  6476 | D:4      | Reached skill level 7 in Polearms
  6587 | D:5      | Entered Level 5 of the Dungeon
  6726 | D:5      | Found a sand-covered staircase.
  6731 | Ossuary  | Entered an ossuary
  7137 | Ossuary  | Reached skill level 8 in Polearms
  8222 | D:5      | Reached skill level 9 in Polearms
  8597 | D:5      | Got a pair of faintly glowing gloves
  8608 | D:5      | Identified the cursed +0 pair of gloves of the Serpent {rF+ MR- Int+4} (You found it on level 5 of the Dungeon)
  9163 | D:6      | Reached XP level 9. HP: 40/62 MP: 4/15
  9424 | D:6      | Noticed Grinder
  9433 | D:6      | Paralysed by Grinder for 3 turns
  9455 | D:6      | Killed Grinder
  9455 | D:6      | Reached skill level 10 in Polearms
  9875 | D:6      | Noticed Ijyb
  9927 | D:6      | Killed Ijyb
 10310 | D:7      | Noticed Yermak's ghost (experienced CeAs)
 10366 | D:7      | Reached skill level 11 in Polearms
 10551 | D:7      | Killed Yermak's ghost
 10741 | D:7      | Learned a level 2 spell: Repel Missiles
 10858 | D:7      | Reached skill level 12 in Polearms
 11229 | D:7      | Reached skill level 1 in Fighting
 11232 | D:7      | Reached skill level 1 in Shields
 11869 | D:8      | Noticed Erolcha
 12077 | D:8      | Killed Erolcha
 12077 | D:8      | Reached XP level 10. HP: 62/79 MP: 7/17
 12227 | D:8      | Noticed Prince Ribbit
 12252 | D:8      | Killed Prince Ribbit
 12523 | D:8      | Reached skill level 5 in Fighting
 12948 | D:9      | Reached skill level 5 in Shields
 13257 | D:9      | Reached skill level 1 in Armour
 13884 | D:9      | Found a staircase to the Orcish Mines.
 13897 | D:9      | Found a roughly hewn altar of Beogh.
 14416 | D:9      | Reached skill level 13 in Polearms
 14442 | D:9      | Noticed Eustachio
 14451 | D:9      | Killed Eustachio
 14451 | D:9      | Reached XP level 11. HP: 90/92 MP: 15/18
 14533 | D:9      | Found a bloodstained altar of Trog.
 14534 | D:9      | Found a deep blue altar of Sif Muna.
 14620 | D:9      | Became a worshipper of Sif Muna the Loreminder
 14698 | D:9      | Found a bloodstained altar of Trog.
 14942 | D:9      | Found a staircase to the Lair.
 15150 | D:10     | Entered Level 10 of the Dungeon
 16321 | D:10     | Noticed Thomus' ghost (powerful HOFi)
 16367 | D:10     | Killed Thomus' ghost
 16367 | D:10     | Reached skill level 14 in Polearms
 16849 | Orc:1    | Entered Level 1 of the Orcish Mines
 16943 | Orc:2    | Found a burning altar of Makhleb.
 17182 | Orc:3    | Found a staircase to the Elven Halls.
 17205 | Orc:3    | Found Twabra's Distillery.
 17343 | Orc:3    | Found a frozen archway.
 17359 | Orc:3    | Found Mosuffynes' Magic Scroll Shoppe.
 17587 | IceCv    | Entered an ice cave
 17639 | IceCv    | Noticed an ice statue
 17639 | IceCv    | Noticed an ice statue
 19327 | IceCv    | Killed an ice statue
 19553 | IceCv    | Noticed Zappman321's ghost (powerful HEHu)
 19608 | IceCv    | Gained mutation: You can breathe flames. [potion of beneficial mutation]
 19611 | IceCv    | Gained mutation: You have large cloven feet. [potion of beneficial mutation]
 19655 | Orc:3    | HP: 1/92 [ice beast (4)]
 19664 | Orc:2    | Noticed Joseph
 19664 | Orc:2    | Killed from afar by an orc priest

Action                   |  1- 3 |  4- 6 |  7- 9 | 10-12 || total
-------------------------+-------+-------+-------+-------++-------
Melee: Dagger            |    19 |    28 |    26 |       ||    73
       Spear             |       |   182 |   490 |   403 ||  1075
       Trident           |       |       |       |   700 ||   700
       Unarmed           |       |       |       |     9 ||     9
 Cast: Magic Dart        |    77 |   142 |   213 |    83 ||   515
       Mephitic Cloud    |       |    17 |    14 |    34 ||    65
       Conjure Flame     |       |     1 |    21 |    31 ||    53
       Blink             |       |       |     3 |    32 ||    35
       Repel Missiles    |       |       |     1 |       ||     1
 Abil: Breathe Fire      |       |       |       |     1 ||     1
  Use: Potion            |     1 |     4 |     1 |    11 ||    17
       Scroll            |       |     3 |     8 |     9 ||    20
 Stab: Confused          |       |     5 |    26 |    32 ||    63
       Sleeping          |       |       |       |     1 ||     1
       Distracted        |       |       |       |     1 ||     1
  Eat: Chunk             |     3 |    16 |    16 |    19 ||    54
       Fruit             |       |       |     4 |     5 ||     9
       Meat ration       |       |       |     1 |     1 ||     2
       Pizza             |       |       |       |     1 ||     1
